 Dungeon Crawl Stone Soup version 0.28.0-43-g3370ac3207 (webtiles) character file.

Game seed: 7868329378432341058

879 rel the Chopper (level 8, 0/61 HPs)
             Began as a Human Berserker on Mar 19, 2022.
             Was a Believer of Trog.
             Slain by a killer bee (3 damage)
             ... on level 7 of the Dungeon.
             The game lasted 00:07:37 (2374 turns).

rel the Chopper (Human Berserker)                   Turns: 2374, Time: 00:07:38

Health: 0/61       AC: 12    Str: 19    XL:     8   Next: 25%
Magic:  8/8        EV:  8    Int:  9    God:    Trog [**....]
Gold:   145        SH:  0    Dex: 12    Spells: 7/7 levels left

rFire   . . .      SeeInvis .   h - +1 hand axe (elec)
rCold   . . .      Faith    .   (no shield)
rNeg    . . .      Spirit   .   i - +2 chain mail {rPois}
rPois   +          Reflect  .   (helmet restricted)
rElec   .          Harm     .   (no cloak)
rCorr   .          Rampage  .   p - +0 pair of gloves
Will    .....      Rage     1%  (no boots)
Stlth   ..........              (no amulet)
HPRegen 0.20/turn               (no ring)
MPRegen 0.11/turn               (no ring)

@: lethally poisoned (0 -> -3), lit by a corona, on berserk cooldown, glowing
A: antennae 1, berserk 1, subdued magic 1
a: Renounce Religion, Berserk, Trog's Hand


You were on level 7 of the Dungeon.
You worshipped Trog.
Trog was pleased with you.
You visited 1 branch of the dungeon, and saw 6 of its levels.

You collected 145 gold pieces.

Inventory:

Hand Weapons
 a - a +0 hand axe
 h - a +1 hand axe of electrocution (weapon)
 r - a +4 war axe
Armour
 f - a +1 helmet
 i - a +2 chain mail of poison resistance (worn)
 p - a +0 pair of gloves (worn)
Scrolls
 c - a scroll of noise {unknown}
 d - a scroll of holy word {unknown}
 e - 3 scrolls of identify {unknown}
 l - a scroll of enchant armour {unknown}
 q - a scroll of fog {unknown}
Potions
 b - a potion of mutation
 g - a potion of degeneration {unknown}
 j - a potion of flight {unknown}
 k - a potion of lignification {unknown}
 m - a potion of cancellation {unknown}
 n - a potion of ambrosia {unknown}
 o - a potion of heal wounds {unknown}


   Skills:
 + Level 4.8 Fighting
 + Level 7.5 Axes
 + Level 3.8 Armour
 + Level 2.7 Dodging
 + Level 0.3 Stealth


You had 7 spell levels left.
You didn't know any spells.
Your spell library was empty.

Dungeon Overview and Level Annotations

Branches:
Dungeon (7/15)
 Temple: D:4-7

Altars:
Cheibriados

Shops:
D:2 (


Innate Abilities, Weirdness & Mutations

You have a pair of small antennae on your head.
You tend to lose your temper in combat.
Your spells are a little easier to cast, but a little less powerful.


Message History

You feel yourself speed up.
You feel sick.
The killer bee stings you but does no damage. x2
The water moccasin barely misses you. The killer bee stings you!
Things that are here:
a +0 flail of protection; a gnoll corpse Unknown command.
Found a scroll labelled ECOERI MEC PEK.
You feel sick.
A killer bee comes into view.
The killer bee stings you.
The killer bee moves out of view.
You barely miss the killer bee.
You feel sick.
The killer bee stings you but does no damage.
The killer bee stings you.
* * * LOW HITPOINT WARNING * * *
You are more poisoned.
The killer bee poisons you!
You barely miss the killer bee.
You feel sick. The killer bee stings you.
* * * LOW HITPOINT WARNING * * *
The killer bee stings you but does no damage.
You miss the killer bee.
* * * LOW HITPOINT WARNING * * *
You feel sick. The killer bee stings you.
* * * LOW HITPOINT WARNING * * *
The killer bee closely misses you.
You barely miss the killer bee.
* * * LOW HITPOINT WARNING * * *
You feel sick.
The killer bee stings you but does no damage. x2
You closely miss the killer bee. You barely miss the killer bee.
* * * LOW HITPOINT WARNING * * *
You feel sick. The killer bee barely misses you.
The killer bee stings you but does no damage.
The killer bee closely misses you.
Unknown command.
You closely miss the killer bee. You hit the killer bee.
* * * LOW HITPOINT WARNING * * *
You feel sick.
The killer bee stings you but does no damage.
The killer bee stings you.
You die...

..? #.# #.# ... #.#
### #.# #.> # #y#
#.# #.#@# #.#
##.##g#y# ##.##
.....{gS#####..)####
#.###..)...).......#
#.#....)#..<##.#
#.#.###.##.## ....#
#.....# ##.#.#
#.##..#
#.#.....##..#


You could see a water moccasin, 2 killer bees and a gnoll.

Vanquished Creatures
  A water moccasin (D:6)
  An ice beast (D:6)
  An ogre (D:6)
  A sky beast (D:6)
  A centaur (D:6)
  5 wights (D:7)
  A bullfrog zombie (D:6)
  A gnoll shaman (D:7)
  Terence (D:2)
  An iguana (D:6)
  A hound skeleton (D:4)
  2 gnolls (D:7)
  2 adders (D:4)
  A worm (D:2)
  8 orcs
  2 endoplasms
  A giant cockroach (D:2)
  3 hobgoblins
  7 jackals (D:4)
  3 quokkas
  5 ball pythons
  2 bats (D:1)
  2 frilled lizards (D:2)
  A kobold (D:1)
  3 rats (D:1)
57 creatures vanquished.

Notes
Turn   | Place    | Note
-------+----------+-------------------------------------------
     0 | D:1      | rel the Human Berserker began the quest for the Orb.
     0 | D:1      | Reached XP level 1. HP: 18/18 MP: 1/1
   483 | D:1      | Reached XP level 2. HP: 15/24 MP: 2/2
   715 | D:1      | Found a faded altar of an unknown god.
  1146 | D:2      | Found Lurch's Antique Weapon Emporium.
  1153 | D:2      | Found a snail-covered altar of Cheibriados.
  1170 | D:2      | Noticed Terence
  1198 | D:2      | Killed Terence
  1199 | D:2      | Reached XP level 3. HP: 13/29 MP: 3/3
  1450 | D:2      | You fall into a shaft and drop 2 floors!
  1464 | D:4      | Reached XP level 4. HP: 37/37 MP: 4/4
  1684 | D:4      | Reached skill level 4 in Axes
  1695 | D:4      | Reached ** piety under Trog
  1759 | D:4      | Reached XP level 5. HP: 34/42 MP: 5/5
  1832 | D:5      | Entered Level 5 of the Dungeon
  1840 | D:6      | Noticed a sky beast
  1840 | D:6      | Noticed an ogre
  1842 | D:6      | Noticed an ice beast
  1846 | D:6      | Killed an ogre
  1847 | D:6      | Reached XP level 6. HP: 48/48 MP: 6/6
  1851 | D:6      | Killed an ice beast
  1852 | D:6      | Reached skill level 5 in Axes
  1853 | D:6      | Killed a sky beast
  1854 | D:6      | Reached XP level 7. HP: 54/54 MP: 7/7
  1915 | D:6      | Noticed a water moccasin
  1926 | D:6      | Killed a water moccasin
  1927 | D:6      | Reached skill level 6 in Axes
  1976 | D:6      | Identified the +1 robe of Noon {Rampage +Blink}
  2344 | D:7      | Reached skill level 7 in Axes
  2346 | D:7      | Reached XP level 8. HP: 61/61 MP: 8/8
  2356 | D:7      | Gained mutation: You tend to lose your temper in combat.
                  | [potion of mutation]
  2356 | D:7      | Gained mutation: You have a pair of small antennae on your
                  | head. [potion of mutation]
  2356 | D:7      | Gained mutation: Your spells are a little easier to cast,
                  | but a little less powerful. [potion of mutation]
  2374 | D:7      | HP: 3/61 [poisoned by a killer bee]
  2374 | D:7      | Slain by a killer bee

Illustrated notes

Levels and vault maps discovered:
D:1:      sevenhm_arrival_forest_fort_large_4, layout_basic,
          hellmonk_ecumenical_altar_inner_sanctum, chequers_serial_rivers_room_b
D:2:      layout_rooms, basic_altar, serial_shops, shop, supply_closet_lemuel,
          minmay_surrounded, uniq_terence
D:4:      layout_cave_pools, lemuel_temple_firewalk_b
D:5:      layout_basic, ebering_dispersal_statue_hall, minmay_tree_intersection
D:6:      layout_cave_pools, hangedman_feature_mirror
D:7:      minmay_clustersquares, layout_loops_ring,
          nicolae_dithmenos_through_a_glass_darkly, nicolae_shop_dragon_depot,
          serial_bayou_lake_a

Skill      XL: |  1  2  3  4  5  6  7 |
---------------+----------------------+-----
Axes           | 4 5 7 |  7.5
Fighting       | 4 |  4.8
Armour         | 3 |  3.8
Dodging        | |  2.7
Stealth        | |  0.3

Action                   |  1- 3 |  4- 6 |  7- 9 || total
-------------------------+-------+-------+-------++-------
Melee: Hand axe          |    49 |    38 |    52 ||   139
       Punch             |     1 |     1 |       ||     2
Invok: Berserk           |     1 |     1 |     2 ||     4
  Use: Potion            |       |       |     1 ||     1
Armor: Animal skin       |     7 |       |       ||     7
       Plate armour      |     7 |       |       ||     7
       Chain mail        |     7 |    52 |    41 ||   100
Dodge: Dodged            |    44 |    18 |    27 ||    89
